 Dungeon Crawl Stone Soup version 0.28-a0-998-gb9e9c7b67e (webtiles) character file.

Game seed: 12361444390426146582

63 ragingrage the Chopper (level 3, -3/31 HPs)
             Began as a Palentonga Fighter on Dec 6, 2021.
             Slain by Grinder (5 damage)
             ... while paralysed by Grinder
             ... on level 3 of the Dungeon.
             The game lasted 00:02:03 (1642 turns).

ragingrage the Chopper (Palentonga Fighter)         Turns: 1642, Time: 00:02:03

Health: -3/31      AC: 11    Str: 19    XL:     3   Next: 87%
Magic:  3/3        EV:  1    Int:  8    God:
Gold:   9          SH:  0    Dex: 11    Spells: 2/2 levels left

rFire   . . .      SeeInvis +   a - +0 war axe
rCold   + . .      Faith    .   c - +0 buckler
rNeg    . . .      Spirit   .   l - +1 plate armour {rC+}
rPois   .          Reflect  .   (no helmet)
rElec   .          Harm     .   (no cloak)
rCorr   .          Rampage  .   i - +0 pair of gloves
Will    .....                   (no barding)
Stlth   ..........              (no amulet)
HPRegen 0.10/turn               (no ring)
MPRegen 0.08/turn               (no ring)

@: paralysed, mighty
A: large, rugged brown scales 3, see invisible, deformed body, roll 1, armoured
tail
a: Rolling Charge


You were on level 3 of the Dungeon.
You visited 1 branch of the dungeon, and saw 3 of its levels.

You collected 9 gold pieces.

Inventory:

Hand Weapons
 a - a +0 war axe (weapon)
Armour
 c - a +0 buckler (worn)
 i - a +0 pair of gloves (worn)
 l - a +1 plate armour of cold resistance (worn)
Scrolls
 j - 3 scrolls of identify {unknown}
 k - a scroll of immolation {unknown}
 m - a scroll of torment {unknown}
Potions
 b - a potion of berserk rage {unknown}
 e - a potion of ambrosia {unknown}
 f - a potion of heal wounds {unknown}
 g - a potion of attraction {unknown}
 h - a potion of resistance {unknown}


   Skills:
 - Level 3.0 Fighting
 * Level 4.2 Axes
 - Level 2.4 Armour
 - Level 2.4 Shields


You had 2 spell levels left.
You didn't know any spells.
Your spell library was empty.

Dungeon Overview and Level Annotations

Branches:
Dungeon (3/15)

Altars:

Shops:
D:2 *:*?

Annotations:
D:2 Sigmund
D:3 Grinder


Innate Abilities, Weirdness & Mutations

You are completely covered in rugged brown scales. (AC +3, +7% HP)
You have supernaturally acute eyesight. (SInv)
Armour fits poorly on your strangely shaped body.
You can roll at nearby foes to attack.
You have a long armoured tail.


Message History

Grinder hits you but does no damage. Grinder hits you.
You writhe in agony.
Grinder says, "There's only one good use for a tongue: cutting it out."
Grinder gestures at you.
You shrug off the repeated paralysis!
Grinder says, "Tell me all your secrets, or I'll kill you."
Grinder gestures at you.
You shrug off the repeated paralysis!
Grinder hits you!
You writhe in agony.
You can move again.
Things that are here:
a +0 whip; a kobold corpse Unknown command.
Unknown command.
Unknown command.
You closely miss Grinder.
Your tail-slap misses Grinder.
Grinder blinks!
Grinder gestures at you. You resist with significant effort.
Things that are here:
a +0 whip; a kobold corpse Grinder grins, showing sharp teeth.
Grinder gestures at you. Pain shoots through your body!
You hit Grinder.
Grinder is lightly wounded.
Grinder hits you.
You writhe in agony.
* * * LOW HITPOINT WARNING * * *
You slash Grinder!
Grinder is moderately wounded.
Grinder gestures at you.
You suddenly lose the ability to move!
Grinder hits you.
* * * LOW HITPOINT WARNING * * *
You writhe in agony.
* * * LOW HITPOINT WARNING * * *
Grinder hits you but does no damage. Grinder hits you.
* * * LOW HITPOINT WARNING * * *
You writhe in agony.
You die...

#.......# #. #.......#
#.# ##..# #####.##
....# ........##
.#.†###.h.......
.#..K...# #..#
....#.### #..# #
......#######..###.#.#
!.....†.†......)@5...#
....<.######.#####...#
.#.....# #.# #....
.#......# #.# ###
.#..###.# #.# ....#
... #.# ..### ##....#
.. ....# ## #..#


You could see Grinder.

Vanquished Creatures
  4 dart slugs
  8 endoplasms
  4 giant cockroaches
  3 hobgoblins
  4 jackals (D:3)
  2 quokkas (D:1)
  3 ball pythons
  2 bats
  A frilled lizard (D:1)
  5 goblins
  5 kobolds
  9 rats
50 creatures vanquished.

Notes
Turn   | Place    | Note
-------+----------+-------------------------------------------
     0 | D:1      | ragingrage the Palentonga Fighter began the quest for the
                  | Orb.
     0 | D:1      | Reached XP level 1. HP: 19/19 MP: 1/1
   157 | D:1      | Reached XP level 2. HP: 24/25 MP: 2/2
   189 | D:1      | Found a faded altar of an unknown god.
   282 | D:1      | Reached skill level 3 in Axes
   716 | D:1      | Reached XP level 3. HP: 18/31 MP: 3/3
  1152 | D:2      | Found Jeavom's Magic Scroll Shop.
  1299 | D:2      | You fall into a shaft and drop 1 floor!
  1406 | D:2      | Found Xucrecya's Assorted Antiques.
  1434 | D:2      | Found Xicut's Assorted Antiques.
  1488 | D:2      | Found Uqeass's Book Emporium.
  1492 | D:2      | Reached skill level 4 in Axes
  1585 | D:2      | Noticed Sigmund
  1598 | D:3      | Noticed Grinder
  1628 | D:3      | Paralysed by Grinder for 6 turns
  1639 | D:3      | Paralysed by Grinder for 7 turns
  1642 | D:3      | Slain by Grinder

Illustrated notes

Levels and vault maps discovered:
D:1:      psy_arrival_radial02, layout_loops_cross,
          shapermc_ecumenical_altar_venn, minmay_misc_feat_x, minmay_surrounded
D:2:      layout_rooms, serial_shops, shop,
          nicolae_shop_competitors_out_of_business, nicolae_shop_trees,
          nicolae_shop_temple_entry_statues_fountains, corexii_shack,
          due_unseen_surprise, uniq_sigmund, uniq_crazy_yiuf_cottage
D:3:      layout_loops_ring, mainiacjoe_overflow_swirl, serial_shops,
          nicolae_lakefront_shop, minmay_quantized, uniq_grinder

Skill      XL: |  1  2  3 |
---------------+----------+-----
Axes           | 3 4 |  4.2
Fighting       | |  3.0
Armour         | |  2.4
Shields        | |  2.4

Action                   || total
-------------------------++-------
Melee: War axe           ||    98
       Tailslap          ||    10
 Abil: Rolling Charge    ||    10
  Use: Potion            ||     1
Armor: Scale mail        ||    28
       Plate armour      ||    32
Dodge: Dodged            ||    24
Block: Buckler           ||    22

Table legend: (Time is in decaauts)
 A = Elapsed time spent in this place.
 B = Non-inter-level travel time spent in this place.
 C = Inter-level travel time spent in this place.
 D = Time resting spent in this place.
 E = Time spent auto-exploring this place.
 F = Levels seen in this place.
 G = Mean time per level.
                   A        B        C        D        E       F      G
               +--------+--------+--------+--------+--------+-----+--------+
         Total |   1675 |   1637 |     38 |     12 |   1234 |   3 |  558.3 |
       Dungeon |   1675 |   1637 |     38 |     12 |   1234 |   3 |  558.3 |
               +--------+--------+--------+--------+--------+-----+--------+

Top non-repeatable levels by time:
     D:1: 1158 daAuts
     D:2: 378 daAuts
     D:3: 138 daAuts
